 Dungeon Crawl Stone Soup version 0.25.1-2-g60ff931df9 (webtiles) character file.

Game seed: 3819743613004788989

21 opiumtea the Conjurer (level 2, 21/23 HPs)
             Began as a Minotaur Conjurer on July 30, 2020.
             Quit the game on level 1 of the Dungeon.
             The game lasted 00:02:47 (942 turns).

opiumtea the Conjurer (Minotaur Conjurer)            Turns: 942, Time: 00:02:47

Health: 21/23      AC:  2    Str: 12    XL:     2   Next: 65%
Magic:  0/3        EV: 12    Int: 12    God:
Gold:   32         SH:  0    Dex: 10    Spells: 1/4 levels left

rFire    . . .     SeeInvis .   a - +0 dagger
rCold    . . .     Gourm    .   (no shield)
rNeg     . . .     Faith    .   b - +0 robe
rPois    .         Spirit   .   (helmet restricted)
rElec    .         Reflect  .   (no cloak)
rCorr    .         Harm     .   (no gloves)
MR       .....                  (no boots)
Stlth    ++........             (no amulet)
HPRegen  0.07/turn              (no ring)
MPRegen  0.08/turn              (no ring)

@: no status effects
A: retaliatory headbutt, horns 2
a: no special abilities


You were on level 1 of the Dungeon.
You were not hungry.

You visited 1 branch of the dungeon, and saw 1 of its levels.

You collected 32 gold pieces.

Inventory:

Hand Weapons
 a - a +0 dagger (weapon)
Armour
 b - a +0 robe (worn)
Scrolls
 e - a scroll of identify {unknown}
Potions
 f - a potion of flight {unknown}
 g - a potion of might {unknown}
Comestibles
 c - a ration
 d - 3 chunks of flesh


   Skills:
 + Level 1.5 Fighting
 - Level 2.1 Dodging
 - Level 1.5 Stealth
 + Level 1.7 Spellcasting
 + Level 3.1 Conjurations


You had one spell level left.
You knew the following spells:

 Your Spells              Type           Power        Failure   Level  Hunger
a - Magic Dart            Conj           #...         8%          1    ##.....
b - Searing Ray           Conj           #.....       12%         2    ###....

Your spell library contained the following spells:

 Spells                   Type           Power        Failure   Level  Hunger
 Dazzling Flash           Conj/Hex       #.....       41%         3    ####...
 Fulminant Prism          Conj/Hex       #.........   82%         4    #####..
 Iskenderun's Mystic Bla  Conj/Tloc      #.......     82%         4    #####..


Dungeon Overview and Level Annotations

Branches:
Dungeon (1/15)

Altars:


Innate Abilities, Weirdness & Mutations

You reflexively headbutt those who attack you in melee.
You have a pair of horns on your head.


Message History

Press: ? - help, Shift-Dir - straight line, f/p - jackal
Aim: a jackal (moderately wounded)
The magic dart hits the jackal.
The jackal is severely wounded.
The jackal bites you.
A jackal comes into view.
The jackal closely misses you.
Casting: Magic Dart (safe; 8% risk of failure)
Confirm with . or Enter, or press ? or * to list all spells.
You don't have enough magic to cast that spell.
Casting: Magic Dart (safe; 8% risk of failure)
Confirm with . or Enter, or press ? or * to list all spells.
You don't have enough magic to cast that spell.
Casting: Magic Dart (safe; 8% risk of failure)
Confirm with . or Enter, or press ? or * to list all spells.
You don't have enough magic to cast that spell.
Casting: Magic Dart (safe; 8% risk of failure)
Confirm with . or Enter, or press ? or * to list all spells.
You don't have enough magic to cast that spell.
Are you sure you want to abandon this character and quit the game? (Confirm with "yes".)

............
h#######.#.###
......##.#.###
......##.#....
......##.#....
..... #.#รท...
h.. #.#.###
.#############.#
#.#.#
...........@hhh#
#.###
####...########
###.#).
##...#########
#......
#............#
#......
#............#
#......
#............#
#......
#............#
#......
#............#
........
#............#
#####...


You could see 3 jackals.

Vanquished Creatures
  A leopard gecko (D:1)
  2 giant cockroaches (D:1)
  2 goblins (D:1)
  2 jackals (D:1)
  4 kobolds (D:1)
  5 bats (D:1)
  2 frilled lizards (D:1)
  2 rats (D:1)
20 creatures vanquished.

Notes
Turn   | Place    | Note
-------+----------+-------------------------------------------
     0 | D:1      | opiumtea the Minotaur Conjurer began the quest for the Orb.
     0 | D:1      | Reached XP level 1. HP: 14/14 MP: 1/1
    32 | D:1      | Reached skill level 3 in Conjurations
   380 | D:1      | Reached skill level 1 in Fighting
   390 | D:1      | Reached XP level 2. HP: 21/23 MP: 0/3
   538 | D:1      | Learned a level 2 spell: Searing Ray
   942 | D:1      | Quit the game

Illustrated notes

Levels and vault maps discovered:
D:1:      dpeg_arrival_windows_large_door, layout_basic

Skill      XL: |  1 |
---------------+----+-----
Conjurations   | 3 |  3.1
Fighting       | 1 |  1.5
Dodging        | |  2.1
Stealth        | |  1.5
Spellcasting   | |  1.7

Action                   || total
-------------------------++-------
Melee: Dagger            ||    22
       Unarmed           ||     8
       Headbutt          ||     5
 Cast: Magic Dart        ||    30
  Eat: Chunk             ||     1
Armor: Robe              ||     8
Dodge: Dodged            ||    23
